 Dungeon Crawl Stone Soup version 0.31-a0-152-g6aa68a64a1 (webtiles) character file.

Game seed: 9636935842461377909

53 qw the Shooter (level 3, -1/32 HPs)
             Began as a Naga Hunter on June 10, 2023.
             Slain by an adder (3 damage)
             ... on level 2 of the Dungeon.
             The game lasted 00:00:17 (425 turns).

qw the Shooter (Naga Hunter)                         Turns: 425, Time: 00:00:17

Health: -1/32      AC:  2    Str: 13    XL:     3   Next: 87%
Magic:  3/3        EV:  9    Int:  9    God:
Gold:   31         SH:  0    Dex: 16    Spells: 2/2 levels left

rFire   . . .        Y - +0 shortbow
rCold   . . .        (shield currently unavailable)
rNeg    . . .        c - +0 leather armour
rPois   +            (no helmet)
rElec   .            (no cloak)
rCorr   .            (no gloves)
SInv    +            (no barding)
Will    .....        (no amulet)
Stlth   ++           (no ring)
HPRegen 0.25/turn    (no ring)
MPRegen 0.08/turn

%: no passive effects
@: short of breath, very slow
A: AC +1, large, see invisible, deformed body, poison resistance, slowness 2,
spit poison 1, naga tail 1
a: Spit Poison


You were on level 2 of the Dungeon.
You visited 1 branch of the dungeon, and saw 2 of its levels.

You collected 31 gold pieces.


Innate Abilities, Weirdness & Mutations

Your serpentine skin is tough. (AC +1)
You have supernaturally acute eyesight. (SInv)
Armour fits poorly on your strangely shaped body.
Your system is resistant to poisons. (rPois)
You cover ground very slowly.
You can spit poison.
You have a snake-like lower body.


   Skills:
 - Level 2.0 Fighting
 + Level 4.9 Ranged Weapons
 - Level 1.5 Dodging
 - Level 1.5 Stealth


You had 2 spell levels left.
You didn't know any spells.
Your spell library was empty.

Inventory:

Hand Weapons
 Y - a +0 shortbow (weapon)
Armour
 c - a +0 leather armour (worn)

Dungeon Overview and Level Annotations

Branches:
Dungeon (2/15)

Altars:


Message History

Aiming: Spit Poison (2% risk of failure)
Press: ? - help, Shift-Dir - straight line, f/p - gnoll The splash of poison hits the gnoll!
The gnoll is poisoned.
You kill the gnoll!
The bat hits you but does no damage. The adder barely misses you.
The dart slug launches a dart at you. The slug dart hits you.
The gnoll barely misses you.
The gnoll hits you from afar with a +0 halberd!
You shoot an arrow. The arrow hits the gnoll!
The gnoll is heavily wounded.
The bat hits you but does no damage. The bat barely misses you.
The adder barely misses you. The gnoll completely misses you.
The gnoll hits you from afar with a +0 halberd.
The adder bites you.
You are poisoned.
The adder poisons you! The bat hits you but does no damage.
You shoot an arrow. The arrow hits the gnoll!
You kill the gnoll!
You feel sick. The bat hits you. The bat hits you but does no damage.
The adder completely misses you. The ball python closely misses you.
The gnoll misses you.
You shoot an arrow. The arrow hits the adder.
The adder is heavily wounded.
You have got your breath back.
You feel sick. The bat hits you but does no damage.
The adder barely misses you. The ball python closely misses you.
The gnoll hits you from afar with a +0 halberd.
The adder bites you.
The ball python bites you but does no damage.
424 ||| INVOKING Spit Poison.
Aiming: Spit Poison (2% risk of failure)
Press: ? - help, Shift-Dir - straight line, f/p - adder The splash of poison misses the adder.
You feel sick.
You are no longer poisoned.
The bat hits you but does no damage. The gnoll closely misses you.
The adder bites you. The ball python bites you.
You shoot an arrow. The arrow misses the adder.
The bat closely misses you. The adder bites you.
You die...

### #.### ..###
...... ....
......# #..##
.......###...####.
..........S..!....
..........@.......
.........))Sb.....
..........g.......
....>..<......w...
.....#####....<...
.... ......... ..#
.###..... . .....
...


You could see a gnoll, an adder, a dart slug, a bat and a ball python.

Vanquished Creatures
  3 gnolls (D:2)
  A dart slug (D:1)
  A ball python (D:1)
  5 endoplasms (D:1)
  A giant cockroach (D:1)
  4 goblins (D:1)
  A bat (D:1)
  4 frilled lizards (D:1)
  4 kobolds (D:1)
  2 rats (D:1)
26 creatures vanquished.

Notes
Turn   | Place    | Note
-------+----------+-------------------------------------------
     0 | D:1      | qw the Naga Hunter began the quest for the Orb.
     0 | D:1      | Reached XP level 1. HP: 19/19 MP: 1/1
     0 | D:1      | 0 ||| qw: Version: 0.2-a-123-gb51047a
     0 | D:1      | 0 ||| qw: Game counter: 3689
     0 | D:1      | 0 ||| qw: Always use a shield: true
     0 | D:1      | 0 ||| qw: God list: Okawaru
     0 | D:1      | 0 ||| qw: Allow faded altars: false
     0 | D:1      | 0 ||| qw: Do Orc after D:15 true
     0 | D:1      | 0 ||| qw: Do second Lair branch before Depths: true
     0 | D:1      | 0 ||| qw: Lair rune preference: random
     0 | D:1      | 0 ||| qw: Plans: Normal
     0 | D:1      | 0 ||| PLANNING D:1-11
    32 | D:1      | 32 ||| INVOKING Spit Poison.
    54 | D:1      | 54 ||| INVOKING Spit Poison.
    76 | D:1      | 76 ||| INVOKING Spit Poison.
    78 | D:1      | Reached skill level 4 in Ranged Weapons
    78 | D:1      | Reached XP level 2. HP: 26/26 MP: 2/2
    85 | D:1      | 85 ||| INVOKING Spit Poison.
    95 | D:1      | 95 ||| INVOKING Spit Poison.
   105 | D:1      | 105 ||| INVOKING Spit Poison.
   111 | D:1      | 111 ||| INVOKING Spit Poison.
   115 | D:1      | 115 ||| INVOKING Spit Poison.
   118 | D:1      | 118 ||| INVOKING Spit Poison.
   175 | D:1      | 175 ||| INVOKING Spit Poison.
   178 | D:1      | 178 ||| INVOKING Spit Poison.
   199 | D:1      | Reached XP level 3. HP: 32/32 MP: 3/3
   259 | D:1      | 259 ||| DROPPING +6 ring of intelligence.
   260 | D:1      | 260 ||| READING scroll labelled SAIVUGG BAIWA.
   261 | D:1      | 261 ||| INVOKING Spit Poison.
   262 | D:1      | 262 ||| READING scroll labelled RETOQOYLONE.
   263 | D:1      | 263 ||| INVOKING Spit Poison.
   386 | D:1      | 386 ||| READING scroll labelled GIAL CIDWAA.
   387 | D:1      | 387 ||| READING scroll labelled KUKOG ZOAROCH.
   388 | D:1      | 388 ||| DROPPING scroll of butterflies.
   414 | D:2      | 414 ||| INVOKING Spit Poison.
   420 | D:2      | 420 ||| INVOKING Spit Poison.
   423 | D:2      | HP: 8/32 [poisoned by an adder]
   424 | D:2      | 424 ||| INVOKING Spit Poison.
   424 | D:2      | HP: 3/32 [adder (1)]
   425 | D:2      | Slain by an adder

Levels and vault maps discovered:
D:1:      spicycebolla_arrival_xxxplode, layout_rooms
D:2:      layout_rooms, basic_altar

Skill      XL: |  1 |
---------------+----+-----
Ranged Weapons | 4 |  4.9
Fighting       | |  2.0
Dodging        | |  1.5
Stealth        | |  1.5

Action                     || total
---------------------------++-------
   Fire: Shortbow          ||    45
Ability: Spit Poison       ||    15
    Use: Scroll            ||     4
 Armour: Leather armour    ||     9
  Dodge: Dodged            ||    21

Table legend:
 A = Non-vault XP
 B = Vault XP
 C = Vault XP percentage of total XP
 D = Non-vault monster count
 E = Vault monster count
 F = Vault count percentage of total count
                 A         B        C        D         E       F
            +---------+---------+-------+---------+---------+-------
      Total |      76 |       0 |   0.0 |      26 |       0 |   0.0
            +---------+---------+-------+---------+---------+-------
        D:1 |      35 |       0 |   0.0 |      23 |       0 |   0.0
        D:2 |      41 |       0 |   0.0 |       3 |       0 |   0.0
            +---------+---------+-------+---------+---------+-------
